 Dungeon Crawl Stone Soup version 0.28.0-53-g5a82cb258f (webtiles) character file.

Game seed: 6553946009534082462

469 Groucho the Shooter (level 6, -2/32 HPs)
             Began as a Spriggan Hunter on July 19, 2022.
             Was an Initiate of Hepliaklqana.
             Splashed by a jelly's acid (9 damage)
             ... on level 4 of the Dungeon.
             The game lasted 00:10:51 (6358 turns).

Groucho the Shooter (Spriggan Hunter)               Turns: 6358, Time: 00:10:52

Health: -2/32      AC: -5    Str:  8    XL:     6   Next: 82%
Magic:  7/7        EV: 19    Int: 15    God:    Hepliaklqana [......]
Gold:   118        SH:  0    Dex: 15    Spells: 5/5 levels left

rFire   . . .      SeeInvis +   g - +1 dagger (venom)
rCold   . . .      Faith    .   (no shield)
rNeg    . . .      Spirit   .   c - +0 robe
rPois   .          Reflect  .   (helmet restricted)
rElec   .          Harm     .   n - +0 cloak
rCorr   .          Rampage  .   (gloves unavailable)
Will    +....                   (boots unavailable)
Stlth   +++.......              (no amulet)
HPRegen 0.10/turn               (no ring)
MPRegen 0.10/turn               (no ring)

@: corroded, studying Hexes, very quick
A: very small, no large weapons, unfitting armour, see invisible, speed 3
a: Renounce Religion


You were on level 4 of the Dungeon.
You worshipped Hepliaklqana.
Hepliaklqana was noncommittal.
You visited 1 branch of the dungeon, and saw 4 of its levels.

You collected 118 gold pieces.

Inventory:

Hand Weapons
 a - a +1 shortbow
 b - a +0 short sword
 g - a +1 dagger of venom (weapon)
Missiles
 d - 69 arrows
 i - 104 stones (quivered)
 p - 8 poisoned darts
Armour
 c - a +0 robe (worn)
 n - a +0 cloak (worn)
Jewellery
 h - a ring of protection from cold
 o - the ring "Megaetot" {rN+ rCorr MP+9 Slay-2}
   (You found it on level 4 of the Dungeon)

   [ring of magical power]

   Slay:      It affects your accuracy & damage with ranged weapons and melee
   (-2).
   rN:        It protects you from negative energy.
   MP:        It affects your magic capacity (+9).
   rCorr:     It protects you from acid and corrosion.
Scrolls
 e - 4 scrolls of identify {unknown}
 j - a scroll of fog {unknown}
 l - 2 scrolls of summoning {unknown}
 m - a scroll of enchant armour {unknown}
 r - a scroll of magic mapping {unknown}
Potions
 f - 3 potions of berserk rage
 k - a potion of mutation {unknown}
 q - a potion of degeneration {unknown}


   Skills:
 + Level 3.1 Fighting
 + Level 3.2 Short Blades
 + Level 6.2 Bows
 + Level 4.9 Dodging
 + Level 5.0 Stealth


You had 5 spell levels left.
You didn't know any spells.
Your spell library contained the following spells:

 Spells                   Type           Power      Damage    Failure   Level
 Animate Skeleton         Necr           0%         N/A       26%         1
 Apportation              Tloc           0%         N/A       26%         1
 Summon Small Mammal      Summ           0%         N/A       26%         1
 Confusing Touch          Hex            0%         N/A       63%         3
 Ozocubu's Armour         Ice            0%         N/A       63%         3
 Yara's Violent Unravell  Hex/Tmut       0%         3d3       100%        5
 Enfeeble                 Hex            0%         N/A       100%        7
 Ozocubu's Refrigeration  Ice            0%         4d5       100%        7


Dungeon Overview and Level Annotations

Branches:
Dungeon (4/15)
 Temple: D:4-7

Altars:
Ashenzari
Gozag
Hepliaklqana
Makhleb
Okawaru
Wu Jian
The Shining One

Shops:
D:1 :

Annotations:
D:3 3 runed translucent doors, zielscheibe's ghost, amateur VSFi


Innate Abilities, Weirdness & Mutations

You are very small and have problems with some larger weapons.
You are too small for most types of armour.
You have supernaturally acute eyesight. (SInv)
You cover ground extremely quickly. (Speed+++)


Message History

You see here a +0 club.
You see here a +0 club.
Things that are here:
a +0 whip; a +0 leather armour
Found an opulent altar of Gozag.
No target in view!
A jelly comes into view.
The jelly quivers.
There is an open door here.
Okay, then.
You hit the jelly. The acid corrodes you!
Your hands burn!
The jelly is lightly wounded.
The jelly misses you.
You hit the jelly.
The jelly is poisoned.
The acid corrodes you!
Your hands burn!
The jelly is lightly wounded.
The jelly jiggles.
The jelly hits you.
You are splashed with acid!
You start resting.
A jelly is nearby!
A jelly is nearby!
You hit the jelly but do no damage.
Your hands burn!
The jelly is heavily wounded.
The jelly barely misses you.
You hit the jelly but do no damage.
Your hands burn!
The jelly is heavily wounded.
You hit the jelly but do no damage.
Your hands burn!
The jelly is heavily wounded.
The jelly completely misses you.
You hit the jelly but do no damage.
Your hands burn!
The jelly is heavily wounded.
The jelly completely misses you.
You hit the jelly but do no damage.
The jelly looks even sicker.
The acid corrodes you!
Your hands burn!
* * * LOW HITPOINT WARNING * * *
The jelly is severely wounded.
The jelly hits you.
* * * LOW HITPOINT WARNING * * *
You are splashed with acid!
You die...

#≈⌠.⌠≈#
####.......
#≈≈.≈≈#
#.....##### #'####
#.....##### #.##.#
#........##
#....##
#.....##.##
####..#
#.....##... ##.#
########..# #J#
#... #@# ##...
#.####### ##..##
#.......#####..#.)
#.##.##)##.).##.##
#.....#.##)#.#.##.
#.##......)#.)#)..
#.#####.#####..##.
#.#####.# ##....
#.......# ##.#.


You could see a jelly (very poisoned).

Vanquished Creatures
  A water moccasin (D:3)
  A kobold brigand (D:4)
  A bullfrog skeleton (D:2)
  A gnoll shaman (D:4)
  An iguana (D:3)
  An orc wizard (D:4)
  A howler monkey skeleton (D:4)
  5 adders
  5 gnolls (D:4)
  2 worms
  3 dart slugs
  5 orcs
  6 endoplasms
  6 giant cockroaches
  7 goblins
  3 hobgoblins
  6 jackals
  4 quokkas
  10 ball pythons
  4 bats
  3 frilled lizards
  7 kobolds
  2 rats
85 creatures vanquished.

Vanquished Creatures (others)
  2 plants
2 creatures vanquished.

Grand Total: 87 creatures vanquished

Notes
Turn   | Place    | Note
-------+----------+-------------------------------------------
     0 | D:1      | Groucho the Spriggan Hunter began the quest for the Orb.
     0 | D:1      | Reached XP level 1. HP: 10/10 MP: 2/2
     7 | D:1      | Noticed a lindwurm
     7 | D:1      | Noticed a swamp drake
     8 | D:1      | Noticed a black bear
    67 | D:1      | Found Biergh's Book Shoppe.
   124 | D:1      | Reached XP level 2. HP: 15/15 MP: 3/3
   595 | D:1      | Reached skill level 5 in Bows
   994 | D:2      | Reached skill level 1 in Short Blades
  1026 | D:2      | Reached XP level 3. HP: 14/18 MP: 4/4
  1289 | D:2      | Found a faded altar of an unknown god.
  1473 | D:2      | Reached XP level 4. HP: 23/23 MP: 5/5
  1978 | D:3      | Noticed zielscheibe's ghost (amateur VSFi)
  1978 | D:3      | Found a runed translucent gate.
  1978 | D:3      | Found a runed translucent gate.
  1978 | D:3      | Found a runed translucent gate.
  1982 | D:3      | Noticed a kobold brigand
  2851 | D:3      | Found a broken altar of Ashenzari.
  2927 | D:3      | Noticed a water moccasin
  2938 | D:3      | Killed a water moccasin
  2939 | D:3      | Reached XP level 5. HP: 15/27 MP: 6/6
  3070 | D:3      | Found a burning altar of Makhleb.
  4589 | D:4      | Found a glowing golden altar of the Shining One.
  4596 | D:4      | Identified the ring "Megaetot" {rN+ rCorr MP+9 Slay-2}
  4639 | D:4      | Reached XP level 6. HP: 17/32 MP: 7/7
  4924 | D:4      | Reached skill level 6 in Bows
  5811 | D:4      | Reached skill level 5 in Stealth
  6109 | D:4      | Found a hazy altar of Hepliaklqana.
  6109 | D:4      | Found an iron altar of Okawaru.
  6109 | D:4      | Found an ornate altar of the Wu Jian Council.
  6115 | D:4      | Became a worshipper of Hepliaklqana the Forgotten
  6335 | D:4      | Found an opulent altar of Gozag.
  6358 | D:4      | Splashed by a jelly's acid

Illustrated notes

Levels and vault maps discovered:
D:1:      onia_arrival_zoo_common, layout_rooms, serial_shops, shop,
          st_stairs_12, chequers_serial_rivers_room_a, serial_bayou_pond_d
D:2:      layout_basic, ebering_ecumenical_altar_petrified
D:3:      layout_loops_ring, mainiacjoe_overflow_boulevard,
          mainiacjoe_overflow_six_doors_small, gammafunk_ghost_nasty_kobolds,
          ebering_dispersal_statue_hall, minmay_diced_spiral
D:4:      layout_loops_cross, mainiacjoe_overflow_paths, kennysheep_little_box,
          gammafunk_temple_overflow_forgotten, minmay_manual_mess

Skill      XL: |  1  2  3  4  5  6 |
---------------+-------------------+-----
Stealth        | 2 3 4 5 |  5.0
Dodging        | 3 4 |  4.9
Bows           | 5 6 |  6.2
Short Blades   | 1 2 3 |  3.2
Fighting       | 2 3 |  3.1

Action                   |  1- 3 |  4- 6 || total
-------------------------+-------+-------++-------
Melee: Dagger            |    59 |   198 ||   257
       Punch             |       |     2 ||     2
 Fire: Shortbow          |    38 |    13 ||    51
Throw: Stone             |       |     1 ||     1
  Use: Potion            |     1 |       ||     1
 Stab: Sleeping          |     2 |    11 ||    13
       Distracted        |       |     2 ||     2
Armor: Robe              |    10 |    16 ||    26
Dodge: Dodged            |    58 |   120 ||   178
